 Dungeon Crawl Stone Soup version bcrawl-1.19.1 (webtiles) character file.

Game seed: 17192928000184118103

91 diana the Chopper (level 4, -3/38 HPs)
             Began as a Minotaur Sloth Apostle on Nov 24, 2019.
             Was a Believer of Cheibriados.
             Slain by an orc priest
             ... wielding a +0 war axe
              (6 damage)
             ... on level 2 of the Dungeon.
             The game lasted 00:01:48 (979 turns).

diana the Chopper (Minotaur Sloth Apostle)           Turns: 979, Time: 00:01:49

Health: -3/38      AC:  6    Str: 27    XL:     4   Next: 34%
Magic:  4/4        EV:  9    Int: 13    God:    Cheibriados [**....]
Gold:   83         SH: 10    Dex: 13    Spells: 4/5 levels left

rFire    + + .     SeeInvis .   a - +0 hand axe
rCold    . . .     Gourm    .   c - +0 shield
rNeg     . . .     Faith    .   o - +1 ring mail {rF+}
rPois    +         Spirit   .   (helmet restricted)
rElec    .         Reflect  .   (no cloak)
rCorr    .         Harm     .   (no gloves)
MR       .....                  (no boots)
Stlth    +.........             (no amulet)
HPRegen  0.12/turn              h - ring of protection from fire
MPRegen  0.09/turn              s - ring of poison resistance

@: mighty, very slow
A: retaliatory headbutt, horns 2
a: Bend Time, Renounce Religion


You were on level 2 of the Dungeon.
You worshipped Cheibriados.
Cheibriados was pleased with you.
You were not hungry.

You visited 1 branch of the dungeon, and saw 2 of its levels.

You collected 83 gold pieces.

Inventory:

Hand Weapons
 a - a +0 hand axe (weapon)
Armour
 b - a +0 robe
 c - a +0 shield (worn)
 o - a +1 ring mail of fire resistance (worn)
Jewellery
 h - a ring of protection from fire (left hand)
 k - an uncursed ring of stealth
 s - a ring of poison resistance (right hand)
Wands
 d - a wand of paralysis (10)
Scrolls
 i - 2 scrolls of identify {unknown}
 l - a scroll of enchant weapon {unknown}
 n - a scroll of enchant armour {unknown}
 p - a scroll of amnesia {unknown}
 t - a scroll of blinking {unknown}
 u - a scroll of remove curse {unknown}
Potions
 e - a potion of cancellation {unknown}
 g - 2 potions of might
 j - a potion of curing {unknown}
 m - a potion of lignification {unknown}
 q - a potion of berserk rage {unknown}
 r - a potion of flight {unknown}
Comestibles
 f - 4 rations {!d}


   Skills:
 + Level 3.2 Fighting
 + Level 3.3 Axes
 + Level 2.0 Armour
 + Level 1.7 Dodging
 - Level 2.6 Stealth
 + Level 3.2 Shields
 - Level 1.0 Spellcasting
 - Level 0.5 Hexes
 - Level 0.8 Evocations


You had 4 spell levels left.
You knew the following spells:

 Your Spells              Type           Power        Failure   Level  Hunger
a - Slow                  Hex            #.......     83%         1    ##.....
Your spell library was empty.

Dungeon Overview and Level Annotations

Branches:
Dungeon (2/12)

Altars:


Innate Abilities, Weirdness & Mutations

You reflexively headbutt those who attack you in melee.
You have a pair of horns on your head.


Message History

You are too injured to fight recklessly!
You are too injured to fight recklessly!
You are too injured to fight recklessly!
You are too injured to fight recklessly!
You are too injured to fight recklessly!
You are too injured to fight recklessly!
You are too injured to fight recklessly!
Unknown command.
It was a potion of might.
You feel very mighty all of a sudden.
The orc priest hits you with a +0 war axe.
* * * LOW HITPOINT WARNING * * *
You hit the orc priest.
The orc priest is moderately wounded.
The orc priest misses you. You furiously retaliate!
You headbutt the orc priest. You closely miss the orc priest.
The orc priest is severely wounded.
The orc priest hits you with a +0 war axe.
You die...

##. ###.## #.#......#
#.####...###......#.#
#......#............#
######...##......#..#
##.####........##
#.#.............
#.#.####...##.#
########.# ##o##
.........# #@#
.######### #o.....#
.# #oo##..# ## #K.#
.. #.o# #..# #<.#
#...


You could see an orc priest, an orc wizard, 3 orcs and a kobold.

Vanquished Creatures
  Jessica (D:2)
  An adder (D:2)
  2 worms (D:2)
  2 dart slugs (D:2)
  2 leopard geckos (D:1)
  4 bats
  2 giant cockroaches
  2 goblins
  7 hobgoblins
  2 jackals (D:1)
  A quokka (D:2)
  2 ball pythons
  10 frilled lizards
  4 kobolds
  7 rats
49 creatures vanquished.

Notes
Turn   | Place    | Note
-------+----------+-------------------------------------------
     0 | D:1      | diana the Minotaur Sloth Apostle began the quest for the
                  | Orb.
     0 | D:1      | Reached XP level 1. HP: 18/18 MP: 1/1
   192 | D:1      | Reached XP level 2. HP: 20/25 MP: 2/2
   359 | D:1      | Reached skill level 1 in Armour
   467 | D:1      | Reached skill level 1 in Dodging
   518 | D:1      | Reached * piety under Cheibriados
   656 | D:2      | Reached XP level 3. HP: 27/30 MP: 3/3
   895 | D:2      | Reached ** piety under Cheibriados
   917 | D:2      | Noticed Jessica
   918 | D:2      | Killed Jessica
   918 | D:2      | Reached XP level 4. HP: 38/38 MP: 4/4
   979 | D:2      | Slain by an orc priest

Skill      XL: |  1  2  3  4 |
---------------+-------------+-----
Armour         | 1 2 |  2.0
Dodging        | 1 |  1.7
Axes           | 3 |  3.3
Fighting       | 3 |  3.2
Shields        | 3 |  3.2
Stealth        | |  2.6
Spellcasting   | |  1.0
Hexes          | |  0.5
Evocations     | |  0.8

Action                   |  1- 3 |  4- 6 || total
-------------------------+-------+-------++-------
Melee: Hand axe          |    86 |    13 ||    99
       Headbutt          |    12 |       ||    12
  Use: Potion            |       |     1 ||     1
 Stab: Sleeping          |     5 |       ||     5
Armor: Robe              |     3 |       ||     3
       Ring mail         |    25 |     2 ||    27
Dodge: Dodged            |    26 |     5 ||    31
Block: Shield            |    34 |     4 ||    38
